AoeStats
← ricky102603

Arabia

509111078Analyzed
1v1 RM · 8d ago on Sep 25, 2026· 40m 54s· 2 players
Game mode
Random Map
Map size
Tiny (2 player)
Population
200
Speed
Normal
Resources
Standard
Victory
Conquest
Starting age
Dark Age
Ending age
Imperial Age
RankedLock teamsTeams togetherTeam positionsShared explorationLock speedFull tech treeHidden civsTurbo modeCheats
Victory
Defeat
🇻🇳 Aztecs · Vietnam
982
+16
🇹🇼 Ethiopians · Taiwan
983
-16
balyngo
7:33 Loom
10:20 Feudal Age
14:25 Double-Bit Axe
23:53 Castle Age
22:34 Horse Collar
22:52 Gold Mining
23:10 Scale Mail Armor
25:05 Forging
26:42 Eagle Warrior
32:18 Bow Saw
33:08 Chain Mail Armor
35:00 Wheelbarrow
34:11 Town Watch
35:18 Squires
35:04 Arson
38:12 Imperial Age
38:26 Gold Shaft Mining
39:02 Iron Casting
38:35 Fletching
38:21 Pikeman
39:42 Conscription
39:58 Hand Cart
40:55 Plate Mail Armor
ricky102603
7:21 Loom
9:37 Feudal Age
14:26 Fletching
14:53 Padded Archer Armor
23:45 Castle Age
23:07 Double-Bit Axe
23:19 Gold Mining
23:21 Stone Mining
26:32 Forging
26:29 Scale Barding Armor
27:37 Bow Saw
29:24 Iron Casting
29:10 Chain Barding Armor
32:19 Horse Collar
35:26 Husbandry
Connection lost

Rejoining the realm…

Still unreachable

The connection could not be restored.

Session expired

The server has moved on; the page needs a fresh start.